 Dungeon Crawl Stone Soup version 0.22-a0-354-g30dfbe6 (webtiles) character file.

1341 Amnesiac the Ducker (level 8, -4/60 HPs)
             Began as a Mummy Necromancer on Apr 16, 2018.
             Slain by a worker ant (5 damage)
             ... on level 6 of the Dungeon.
             The game lasted 00:10:24 (6436 turns).

Amnesiac the Ducker (Mummy Necromancer)             Turns: 6436, Time: 00:10:25

Health: -4/60      AC:  7    Str: 12    XL:     8   Next: 35%
Magic:  14/14      EV: 14    Int: 16    God:
Gold:   183        SH:  5    Dex: 12    Spells: 8/16 levels left

rFire    x . .     SeeInvis .   n - +0 long sword
rCold    + . .     Gourm    .   j - +0 buckler
rNeg     + + +     Faith    .   a - +0 robe
rPois    ∞         Spirit   .   k - +0 helmet
rElec    .         Reflect  .   f - scarf {repulsion}
rCorr    .         Harm     .   (no gloves)
MR       +....                  (no boots)
Stlth    ++........             (no amulet)
HPRegen  0.20/turn              g - +4 ring of protection
MPRegen  0.14/turn              (no ring)

@: repel missiles
A: no food or potions, fire vulnerability, cold resistance 1, negative energy
resistance 3, torment resistance, unbreathing
a: no special abilities


You were on level 6 of the Dungeon.
You were not hungry.

You visited 1 branch of the dungeon, and saw 6 of its levels.
You also visited: Sewer.

You collected 183 gold pieces.

Inventory:

Hand Weapons
 n - a +0 long sword (weapon)
Armour
 a - a +0 robe (worn)
 f - a scarf of repulsion (worn)
 j - a +0 buckler (worn)
 k - a +0 helmet (worn)
Jewellery
 g - a +4 ring of protection (left hand)
Wands
 l - a wand of polymorph (14)
 q - a wand of clouds (7)
Scrolls
 b - a scroll of noise {!r, unknown}
 c - a scroll of fear {!r, unknown}
 d - 2 scrolls of teleportation {!r}
 e - 2 scrolls of fog {!r}
 h - 2 scrolls of enchant armour {!r}
 i - 2 scrolls of blinking {!r}
 m - a scroll of amnesia {!r, unknown}
 o - 2 scrolls of identify {!r}
 p - 4 scrolls of remove curse {!r}


   Skills:
 + Level 4.2 Fighting
 * Level 5.4 Dodging
 - Level 1.5 Stealth
 - Level 4.0 Shields
 + Level 4.6 Spellcasting
 - Level 5.0 Necromancy


You had 8 spell levels left.
You knew the following spells:

 Your Spells              Type           Power        Failure   Level  Hunger
a - Pain                  Necr           ###.         1%          1    N/A
b - Animate Dead          Necr           N/A          21%         4    N/A
d - Vampiric Draining     Necr           ###.......   6%          3    N/A

Dungeon Overview and Level Annotations

Branches:
Dungeon (6/15)
 Temple: D:4-7

Altars:
Fedhas
Gozag
Kikubaaqudgha


Innate Abilities, Weirdness & Mutations

You do not eat or drink.
Your flesh is vulnerable to fire.
You are immune to poison.
Your flesh is cold resistant. (rC+)
You are immune to negative energy. (rN+++)
You are immune to unholy pain and torment.
You can survive without breathing.


Message History

You barely miss the wight.
The wight is heavily damaged.
The wight hits you with an enchanted short sword.
The wight barely misses you.
You riposte.
You barely miss the wight.
The wight is heavily damaged.
You slash the wight!
You destroy the wight!
The wight barely misses you.
You barely miss the wight.
The wight is moderately damaged.
The wight hits you but does no damage.
You hit the wight.
The wight is severely damaged.
The wight barely misses you.
You riposte.
You hit the wight but do no damage.
The wight is severely damaged.
You barely miss the wight.
The wight is severely damaged.
The wight hits you with an enchanted dire flail.
* * * LOW HITPOINT WARNING * * *
You barely miss the wight.
The wight is severely damaged.
The wight misses you.
The wight hits you with an enchanted dire flail.
* * * LOW HITPOINT WARNING * * *
You hit the wight but do no damage.
The wight is severely damaged.
The wight barely misses you.
You riposte.
You hit the wight.
The wight is almost destroyed.
You hit the wight.
You destroy the wight!
The wight misses you.
You riposte.
You closely miss the wight. You hit the wight but do no damage.
The wight hits you with an enchanted falchion.
* * * LOW HITPOINT WARNING * * *
You hit the wight but do no damage. The wight closely misses you.
You closely miss the wight.
The wight hits you with an enchanted falchion!
* * * LOW HITPOINT WARNING * * *
You barely miss the wight.
The wight hits you with an enchanted falchion!
* * * LOW HITPOINT WARNING * * *
The wight hits you with an enchanted falchion!
* * * LOW HITPOINT WARNING * * *
You are too injured to fight recklessly!
You are too injured to fight recklessly!
You are too injured to fight recklessly!
Press: ? - help, v - describe, . - travel
Here: a wight, wielding an enchanted falchion and wearing a robe The floor.
Found a ring mail.
A wight comes into view. It is wielding a long sword.
The wight moves out of view.
A worker ant and a giant cockroach come into view.
The worker ant twitches its antennae in your direction.
The wight barely misses you. The wight hits you with a long sword.
* * * LOW HITPOINT WARNING * * *
The worker ant barely misses you.
You riposte.
You closely miss the worker ant. You block the worker ant's attack.
You open the door. You block the worker ant's attack.
The wight hits you with a long sword!
* * * LOW HITPOINT WARNING * * *
The giant cockroach barely misses you. You block the wight's attack.
The worker ant bites you.
You die...

#).....# ....[
#......###......
#...............
...$....(.......
.....##........>
......#.........
.##.##)..$......
.#...#......###'######
.#...#......#...@z...#
#8_8#...####..sza...#
#####...# #........#
##......# #........#
#........####........#
.....................#
...........###########
............#
............#


You could see a worker ant, 2 wights and a giant cockroach.

Vanquished Creatures
  The ghost of Amnesiac the Tormented, an amateur DENe of Kikubaaqudgha (D:4)
  An ice beast (D:6)
  2 big kobolds (Sewer)
  A bullfrog (D:6)
  2 scorpions (D:4)
  3 wights (D:6)
  A crimson imp (D:4)
  3 hounds
  2 orc wizards
  Natasha (thrice) (D:3)
  2 iguanas (D:5)
  4 worker ants
  A hound skeleton (D:4)
  4 gnolls (D:5)
  7 adders
  2 river rats (D:3)
  3 oozes
  2 worms
  3 leopard geckos
  7 orcs
  5 ball pythons
  5 bats
  2 giant cockroaches
  8 hobgoblins
  12 jackals
  15 kobolds
  2 quokkas (D:4)
  5 frilled lizards
  9 goblins
  A leopard gecko zombie (D:5)
  7 rats
125 creatures vanquished.

Notes
Turn   | Place    | Note
-------+----------+-------------------------------------------
     0 | D:1      | Amnesiac the Mummy Necromancer began the quest for the Orb.
     0 | D:1      | Reached XP level 1. HP: 13/13 MP: 4/4
   217 | D:1      | Reached XP level 2. HP: 10/20 MP: 0/5
   752 | D:1      | Reached skill level 1 in Fighting
  1209 | D:2      | Reached XP level 3. HP: 26/26 MP: 5/7
  1214 | D:2      | Learned a level 3 spell: Vampiric Draining
  2070 | D:2      | Reached XP level 4. HP: 32/32 MP: 3/8
  2444 | D:3      | Noticed Natasha
  2452 | D:3      | Killed Natasha
  2574 | D:3      | Learned a level 4 spell: Animate Dead
  2576 | D:3      | Noticed Natasha
  2582 | D:3      | Killed Natasha
  2805 | D:3      | Noticed Natasha
  2820 | D:3      | Killed Natasha
  2820 | D:3      | Reached XP level 5. HP: 28/38 MP: 3/9
  2961 | D:3      | Found a glowing drain.
  2970 | Sewer    | Entered a sewer
  3501 | Sewer    | Reached XP level 6. HP: 45/46 MP: 7/10
  3677 | Sewer    | Reached skill level 5 in Necromancy
  4105 | D:4      | Found an ancient bone altar of Kikubaaqudgha.
  4106 | D:4      | Found a blossoming altar of Fedhas.
  4594 | D:4      | Reached XP level 7. HP: 52/52 MP: 7/12
  4706 | D:4      | Noticed Amnesiac's ghost (amateur DENe)
  4840 | D:4      | Killed Amnesiac's ghost
  5271 | D:5      | Entered Level 5 of the Dungeon
  5754 | D:5      | Reached XP level 8. HP: 30/59 MP: 13/13
  6275 | D:6      | Reached skill level 5 in Dodging
  6355 | D:6      | Found an opulent altar of Gozag.
  6436 | D:6      | HP: 1/60 [wight/long sword (8)]
  6436 | D:6      | Slain by a worker ant

Vault maps used:
D:1:      elethiomel_arrival_quiet
D:3:      cheibrodos_sewer_entry_sluice, uniq_natasha
D:4:      kennysheep_six_static_rooms, grunt_temple_overflow_growth_and_decay
D:5:      first_ration
D:6:      grunt_gozag_breadcrumbs
Sewer:    kennysheep_pipe_town

Skill      XL: |  1  2  3  4  5  6  7  8 |
---------------+-------------------------+-----
Dodging        | 2 3 4 5 |  5.4
Spellcasting   | 3 4 |  4.6
Fighting       | 1 2 3 4 |  4.2
Necromancy     | 5 |  5.0
Shields        | 4 |  4.0
Stealth        | |  1.5

Action                   |  1- 3 |  4- 6 |  7- 9 || total
-------------------------+-------+-------+-------++-------
Melee: Unarmed           |    37 |    12 |    24 ||    73
       Falchion          |       |       |   134 ||   134
       Long sword        |       |       |   110 ||   110
 Fire: Blowgun           |       |     1 |       ||     1
 Cast: Pain              |    87 |   173 |     6 ||   266
       Vampiric Draining |     1 |     2 |     5 ||     8
  Use: Scroll            |       |     6 |       ||     6
 Stab: Sleeping          |       |       |     2 ||     2
Armor: Robe              |    15 |    16 |    74 ||   105
Dodge: Dodged            |    48 |    65 |   180 ||   293
       Deflected         |       |     5 |     1 ||     6
Block: Buckler           |       |       |    57 ||    57
       Rpst.: Falchion   |       |       |    29 ||    29
       Long sword        |       |       |    29 ||    29

Table legend:
 A = Spawn XP
 B = Non-spawn XP
 C = Spawn XP percentage of total XP
 D = Spawn monster count
 E = Non-spawn monster count
 F = Spawn count percentage of total count
 G = Total turns spent on level
                    A         B        C        D         E        F      G
               +---------+---------+-------+---------+---------+-------+---------
         Total |       0 |    1916 |   0.0 |       0 |     125 |   0.0 |  6436
               +---------+---------+-------+---------+---------+-------+---------
           D:1 |       0 |      40 |   0.0 |       0 |      20 |   0.0 |  1369
           D:2 |       0 |      67 |   0.0 |       0 |      22 |   0.0 |  1117
           D:3 |       0 |     195 |   0.0 |       0 |      20 |   0.0 |   900
           D:4 |       0 |     702 |   0.0 |       0 |      19 |   0.0 |  1408
           D:5 |       0 |     281 |   0.0 |       0 |      15 |   0.0 |   667
           D:6 |       0 |     395 |   0.0 |       0 |       5 |   0.0 |   187
         Sewer |       0 |     236 |   0.0 |       0 |      24 |   0.0 |   788
               +---------+---------+-------+---------+---------+-------+---------
